[Event "*** Titled Tuesday Blitz"]
[Site "Chess.com"]
[Date "2018.11.06"]
[Round "7"]
[White "volcanoexplorer"]
[Black "ruvat"]
[Result "1-0"]
[WhiteElo "2465"]
[BlackElo "2308"]
[TimeControl "180+2"]
[EndTime "14:35:35 PST"]
[Termination "volcanoexplorer won by resignation"]

1. e4 d6 2. d4 Nf6 3. Nc3 g6 4. h3 Bg7 5. Be3 O-O 6. Nf3 c6 7. g3 b5 8. a3 Qc7 9. Bg2 a6 10. O-O e5 11. dxe5 dxe5 12. Qe2 Nbd7 13. Rad1 Re8 14. Nh2 Bb7 15. f4 c5 16. f5 b4 17. Nd5 Nxd5 18. exd5 Qd6 19. Ng4 e4 20. Bf4 Qb6 21. fxg6 Qxg6 22. axb4 cxb4 23. Ne3 Bxb2 24.
Nc4 Be5 25. Nxe5 Nxe5 26. Qxe4 Qxe4 27. Bxe4 Nc4 28. Rfe1 a5 29. Bd3 Nb2 30. Bb5 Rxe1+ 31. Rxe1 Bxd5 32. Re5 Be6 33. Rg5+ 1-0

[Event "*** Titled Tuesday Blitz"]
[Site "Chess.com"]
[Date "2018.11.06"]
[Round "7"]
[White "abubakrtagelsir"]
[Black "novocane"]
[Result "1-0"]
[WhiteElo "2369"]
[BlackElo "2155"]
[TimeControl "180+2"]
[EndTime "14:35:40 PST"]
[Termination "abubakrtagelsir won by resignation"]

1. e4 c5 2. Nc3 Nc6 3. f4 g6 4.
Nf3 Bg7 5. Bb5 Nd4 6. O-O e6 7. d3 a6 8. Ba4 b5 9. Bb3 Nxb3 10.
axb3 Ne7 11. Nxb5 d5 12. e5 O-O 13. c4 d4 14. Nd6 Bd7 15. b4 cxb4 16. Nxd4 Nf5 17.
N4xf5 gxf5 18. Be3 Kh8 19. Qh5 Bc6 20. Qxf7 Bxg2 21.
Kxg2 Qh4 22. Qxe6 Qg4+ 23. Kh1 Rad8 24. Rf2 Qh3 25. Bb6 Rb8 26. Nf7+ Rxf7 27. Qxf7 Qxd3 28.
Rg2 Rg8 29. Rag1 Qf3 30. Qd5 1-0

[Event "*** Titled Tuesday Blitz"]
[Site "Chess.com"]
[Date "2018.11.06"]
[Round "7"]
[White "severomorskij"]
[Black "pultineviciuspaulius"]
[Result "1-0"]
[WhiteElo "2703"]
[BlackElo "2577"]
[TimeControl "180+2"]
[EndTime "14:35:46 PST"]
[Termination "severomorskij won by resignation"]

1. d4 Nf6 2. Bg5 Ne4 3. Bf4 d5 4. e3 Nd7 5. Bd3 c5 6. Bxe4 dxe4 7. Nc3 Qa5 8. Ne2 cxd4 9. Qxd4 Nf6 10. b4 Qa6 11. Rd1 Bg4 12. Be5 Qc6 13. O-O Bxe2 14. Nxe2 e6 15. Bxf6 gxf6 16. Qxf6 Rg8 17. Ng3 Bxb4 18.
Qh4 h6 19. Qxh6 Bd6 20. Qh7 Ke7 21. Qh4+ Ke8 22. Nxe4 Be7 23. Qf4 f5 24. Ng3 Kf7 25. e4 Bg5 26. Qf3 f4 27. Ne2 Rgf8 28. Qh5+ Kf6 29.
e5+ 1-0

[Event "*** Titled Tuesday Blitz"]
[Site "Chess.com"]
[Date "2018.11.06"]
[Round "7"]
[White "Peroncio"]
[Black "saikrishnaReturns"]
[Result "0-1"]
[WhiteElo "2626"]
[BlackElo "2622"]
[TimeControl "180+2"]
[EndTime "14:35:49 PST"]
[Termination "saikrishnaReturns won by resignation"]

1. g3 e5 2. Bg2 Nf6 3. c3 d5 4.
d4 e4 5. f3 Bf5 6. Nh3 exf3 7. exf3 Qe7+ 8. Kf2 Qd7 9. g4 Nxg4+ 10. fxg4 Bxg4 11. Qe1+ Be7 12. Nf4 O-O 13. Kg1 Nc6 14. Qg3 Rae8 15. h3 Bf5 16. Nxd5 Kh8 17. Nxe7 Rxe7 18. Bf4 Re2 19. Nd2 g5 20. Qxg5 f6 21.
Qh5 Qe6 22. Rh2 Rg8 23. Kh1 Rf2 24. d5 Qc8 25. dxc6 Rxf4 26. cxb7 Qd7 27. Nf3 Bg6 28.
Qh6 Rf5 29. Nh4 Rg5 30. Nxg6+ R5xg6 31. Qe3 c5 32. Qxc5 Rxg2 33. b8=Q Rxh2+ 34. Kxh2 Qd2+ 0-1

[Event "*** Titled Tuesday Blitz"]
[Site "Chess.com"]
[Date "2018.11.06"]
[Round "7"]
[White "Zq1"]
[Black "pulvettd"]
[Result "1-0"]
[WhiteElo "2505"]
[BlackElo "2509"]
[TimeControl "180+2"]
[EndTime "14:35:50 PST"]
[Termination "Zq1 won by checkmate"]

1. Nf3 c5 2. c4 b6 3. d4 cxd4 4. Nxd4 Bb7 5. Nc3 e6 6. e4 a6 7. f3 Nc6 8. Be3 Bc5 9. Qd2 Qf6 10. Nb3 d6 11. Be2 Nge7 12. O-O h6 13. Nxc5 dxc5 14. Qd6 O-O 15. Qc7 Rab8 16. Qxb6 Nd4 17. Qxc5 Nc2 18. Rac1 Rfc8 19. e5 Rxc5 20. exf6 Nxe3 21. fxe7 Nxf1 22.
Bxf1 Rc7 23. b4 Rxe7 24. c5 Rd7 25. Rc2 Rd4 26. a3 Rc8 27. Kf2 Kf8 28. Ke3 e5 29.
Ne4 f5 30. Nd2 Ke7 31. Nc4 Kf6 32. Na5 f4+ 33. Kf2 e4 34. Nxb7 e3+ 35. Ke1 Rc7 36. Bxa6 g5 37. c6 Ke5 38. b5 Rb4 39. axb4 Kd4 40.
b6 Re7 41. c7 g4 42. c8=Q gxf3 43. Qc5+ Ke4 44. Nd6# 1-0

[Event "*** Titled Tuesday Blitz"]
[Site "Chess.com"]
[Date "2018.11.06"]
[Round "7"]
[White "Karina_Oparina"]
[Black "PawnEatingZombie"]
[Result "1-0"]
[WhiteElo "2188"]
[BlackElo "2102"]
[TimeControl "180+2"]
[EndTime "14:35:53 PST"]
[Termination "Karina_Oparina won by resignation"]

1. Nf3 Nf6 2. g3 d5 3. Bg2 e6 4. O-O Be7 5. d4 O-O 6. c4 c6 7. Nbd2 b6 8. Qc2 Bb7 9. Rd1 Na6 10. e4 Rc8 11. b3 c5 12. exd5 exd5 13. dxc5 Nxc5 14.
Bb2 Qc7 15. Be5 Qd7 16. Rac1 Rfd8 17. Nf1 Qe6 18. Ne3 dxc4 19. Nxc4 b5 20. Ng5 Qa6 21. Bxf6 Bxf6 22. Qxh7+ Kf8 23. Re1 Ne6 24. Nxe6+ fxe6 25. Bxb7 Qxb7 26. Ne3 Qf3 27. Rxc8 Rxc8 28. Qh8+ 1-0

[Event "*** Titled Tuesday Blitz"]
[Site "Chess.com"]
[Date "2018.11.06"]
[Round "7"]
[White "Alohamora11"]
[Black "Orest_Vovk"]
[Result "1-0"]
[WhiteElo "2330"]
[BlackElo "2404"]
[TimeControl "180+2"]
[EndTime "14:35:59 PST"]
[Termination "Alohamora11 won by resignation"]

1. e4 e5 2. Nf3 d6 3. d4 exd4 4. Nxd4 Be7 5. Nc3 Bf6 6. Nd5 c6 7. Nxf6+ Qxf6 8. Be3 Ne7 9. Bd3 O-O 10. O-O Nd7 11.
f4 Nc5 12. b4 Nxd3 13. Qxd3 a5 14. bxa5 Rxa5 15. Nb3 Rh5 16. Bd4 Qh4 17. h3 Ng6 18.
f5 Ne5 19. Bxe5 dxe5 20. Nd2 Rd8 21. Qe3 b6 22. Rad1 Ba6 23. Nf3 Rxd1 24. Rxd1 Qe7 25. Qxb6 h6 26. Qxa6 Qc5+ 27. Kh2 Qe3 28. Qd3 Qf4+ 29.
Kg1 Kh7 30. Kf2 Rg5 31. g4 h5 32. Qe3 Rxg4 33. hxg4 Qxg4 34. Rh1 g5 35. Qxg5 Qxg5 36. Nxg5+ Kg7 37. Rxh5 Kf6 38. Nf3 c5 39. Rh6+ 1-0

[Event "*** Titled Tuesday Blitz"]
[Site "Chess.com"]
[Date "2018.11.06"]
[Round "7"]
[White "PelinGorki"]
[Black "Korchmar_Vasiliy"]
[Result "0-1"]
[WhiteElo "2625"]
[BlackElo "2709"]
[TimeControl "180+2"]
[EndTime "14:36:01 PST"]
[Termination "Korchmar_Vasiliy won by resignation"]

1. e4 c5 2. Nf3 d6 3. d4 cxd4 4. Nxd4 Nf6 5. Nc3 Nc6 6. Bg5 e6 7. Qd2 a6 8. O-O-O h6 9. Be3 Be7 10. f3 Nxd4 11. Bxd4 b5 12. g4 b4 13. Ne2 e5 14. Be3 Be6 15. Ng3 d5 16. Nh5 Nxh5 17. exd5 Bd7 18. gxh5 a5 19. Rg1 b3 20. cxb3 a4 21. Bc4 axb3 22. Bxb3 Bf5 23. Qc3 O-O 24. Rxg7+ Kh8 25. Qxe5 Bf6 26. Qxf5 Qc8+ 27. Qxc8 Rfxc8+ 28. Kd2 Kxg7 29. Rg1+ Kh7 30. Rc1 Bxb2 31. Rxc8 Rxc8 32. a4 Bc1+ 33. Kd3 Bxe3 34. Bc4 Bb6 35. Bb5 Kg7 36.
Bc6 Kf6 37. Kc4 Ke5 38. Kb5 Bg1 39. a5 Bxh2 40. Kb6 Kd6 41. Kb7 Rc7+ 42. Ka6 Bg1 43.
Kb5 Re7 44. Ka6 Re5 45. Kb7 Rxh5 46. a6 Rxd5 47. Bxd5 Kxd5 48. Kc7 h5 0-1

[Event "*** Titled Tuesday Blitz"]
[Site "Chess.com"]
[Date "2018.11.06"]
[Round "7"]
[White "VladDobrov"]
[Black "TST2014"]
[Result "1-0"]
[WhiteElo "2729"]
[BlackElo "2507"]
[TimeControl "180+2"]
[EndTime "14:36:02 PST"]
[Termination "VladDobrov won on time"]

1. d4 Nf6 2. c4 e6 3. Nf3 b6 4.
Nc3 Bb7 5. a3 d5 6. Bg5 Be7 7.
Qa4+ Qd7 8. Qc2 O-O 9. e3 Rc8 10. Rd1 h6 11. Bh4 c5 12. dxc5 bxc5 13. Bxf6 Bxf6 14.
cxd5 exd5 15. Nxd5 Bxd5 16. Bc4 Bxc4 17. Rxd7 Nxd7 18.
Qxc4 Bxb2 19. Qb5 Bc3+ 20. Ke2 Nb6 21. Rc1 Bf6 22. Rxc5 Rxc5 23. Qxc5 Rc8 24. Qf5 Rc3 25. h4 Rxa3 26. g4 Ra2+ 27. Kf1 Ra1+ 28. Kg2 Bc3 29. g5 g6 30. Qd3 Bg7 31. Qd8+ Kh7 32. Qe8 Ra4 33.
Qxf7 h5 34. Ne5 Rxh4 35. Qxg6+ Kh8 36. Nf7+ Kg8 37. Nh6+ Kh8 38. Nf5 Rg4+ 39. Kf3 Be5 40. Qxh5+ 1-0

[Event "*** Titled Tuesday Blitz"]
[Site "Chess.com"]
[Date "2018.11.06"]
[Round "7"]
[White "kharov2001"]
[Black "Caterpiller35"]
[Result "1-0"]
[WhiteElo "2214"]
[BlackElo "2261"]
[TimeControl "180+2"]
[EndTime "14:36:07 PST"]
[Termination "kharov2001 won on time"]

1. e4 c5 2. Nf3 g6 3. d4 cxd4 4. Qxd4 Nf6 5. Nc3 Nc6 6. Qa4 d6 7. e5 dxe5 8. Nxe5 Bg7 9. Bb5 O-O 10. Nxc6 bxc6 11. Bxc6 Rb8 12. O-O Bf5 13. Re1 Qb6 14. Bf3 h5 15. Rb1 Qb4 16. Qxb4 Rxb4 17. Re2 Bg4 18.
Bxg4 hxg4 19. a3 Rb7 20. b3 Rc8 21. Nd1 e6 22. Bg5 Nd5 23. c4 Rxc4 24. b4 a5 25. Ne3 Nxe3 26. Rxe3 axb4 27. Reb3 Rb5 28. Be3 bxa3 29.
Rxb5 a2 30. Kf1 axb1=Q+ 31. Rxb1 Rc2 32. Rb4 f5 33. Rb7 e5 34. Ke1 f4 35. Bd2 Bh6 36.
Kd1 f3 37. Kxc2 fxg2 38. Rb1 1-0

[Event "*** Titled Tuesday Blitz"]
[Site "Chess.com"]
[Date "2018.11.06"]
[Round "7"]
[White "VladimirPotkin"]
[Black "bascheyaro"]
[Result "1-0"]
[WhiteElo "2634"]
[BlackElo "2709"]
[TimeControl "180+2"]
[EndTime "14:36:09 PST"]
[Termination "VladimirPotkin won by resignation"]

1. c4 g6 2. d4 c6 3. e4 d5 4. cxd5 cxd5 5. e5 Nc6 6. Nc3 h5 7.
Bb5 Bh6 8. Nf3 Bxc1 9. Rxc1 e6 10. Bxc6+ bxc6 11. O-O Nh6 12. Na4 O-O 13. Qd2 Kg7 14.
Rfe1 Rb8 15. Nc5 Nf5 16. b3 Rh8 17. g3 Qb6 18. Kg2 Qd8 19. h3 Qe7 20. Qf4 Rb4 21.
a3 Rb5 22. g4 hxg4 23. hxg4 Nh4+ 24. Nxh4 Rxh4 25. Rh1 g5 26. Qf3 f5 27. Rxh4 gxh4 28.
Qf4 Kg6 29. gxf5+ exf5 30. Kh2 Kh7 31. Rg1 Rxc5 32. dxc5 d4 33. Qxd4 Be6 34. Qd6 Qe8 35.
Qc7+ Bf7 36. Qd6 Be6 37. b4 a6 38. Qd2 Bd5 39. Qf4 Qh5 40. Rg5 1-0

[Event "*** Titled Tuesday Blitz"]
[Site "Chess.com"]
[Date "2018.11.06"]
[Round "7"]
[White "Federtiu"]
[Black "burbur555"]
[Result "1-0"]
[WhiteElo "2629"]
[BlackElo "2541"]
[TimeControl "180+2"]
[EndTime "14:36:09 PST"]
[Termination "Federtiu won by resignation"]

1. c4 c6 2. Nf3 d5 3. e3 Nf6 4.
b3 Bf5 5. Bb2 e6 6. Nc3 h6 7. Rc1 Be7 8. Be2 O-O 9. O-O a5 10. a3 Nbd7 11. d4 Re8 12. Bd3 Bxd3 13. Qxd3 Bd6 14. e4 dxe4 15. Nxe4 Nxe4 16. Qxe4 Qe7 17. a4 Qf6 18. Ba1 Qf4 19. Qd3 Rad8 20. Rce1 Bc7 21. g3 Qg4 22. Kg2 Nf6 23. h3 Qh5 24. Qe3 Qf5 25. Re2 b5 26. axb5 cxb5 27. Ne5 bxc4 28. g4 Qh7 29. bxc4 Bxe5 30. Qxe5 Qd3 31.
Rc1 Rc8 32. Qe3 Qxe3 33. fxe3 Ne4 34. Kf3 f5 35. Ra2 Ra8 36. gxf5 exf5 37. c5 Red8 38. c6 Rd5 39. c7 Rc8 40. Rb2 Kf7 41. Rb8 Nd6 42.
Rc6 Re8 43. Rxd6 Rxd6 44. Rxe8 1-0

[Event "*** Titled Tuesday Blitz"]
[Site "Chess.com"]
[Date "2018.11.06"]
[Round "7"]
[White "pastouche06"]
[Black "OK97"]
[Result "0-1"]
[WhiteElo "2445"]
[BlackElo "2724"]
[TimeControl "180+2"]
[EndTime "14:36:09 PST"]
[Termination "OK97 won by checkmate"]

1. d4 Nf6 2. c4 e6 3. Nc3 Bb4 4. e3 O-O 5. Ne2 Re8 6. a3 Bf8 7. d5 a5 8. g3 Na6 9. Bg2 Nc5 10. b3 exd5 11. cxd5 b6 12. O-O Ba6 13. d6 c6 14. b4 axb4 15. axb4 Nce4 16. b5 Bb7 17.
Rxa8 Qxa8 18. Nxe4 Nxe4 19. Bb2 cxb5 20. Nf4 Nxd6 21.
Nh5 Bxg2 22. Qg4 f5 23. Nf6+ Kf7 24. Qh5+ Ke6 25. Ra1 gxf6 26. Rxa8 Bxa8 27. Qxh7 Rc8 28. Qg8+ Ke7 29. Qh7+ Nf7 30. Qg6 Rc6 31. h4 Rd6 32. Bd4 Rc6 33. Qxf5 Rc1+ 34. Kh2 Rh1# 0-1

[Event "*** Titled Tuesday Blitz"]
[Site "Chess.com"]
[Date "2018.11.06"]
[Round "7"]
[White "GCamachoMartinez"]
[Black "MatyChess1"]
[Result "0-1"]
[WhiteElo "2320"]
[BlackElo "2522"]
[TimeControl "180+2"]
[EndTime "14:36:10 PST"]
[Termination "MatyChess1 won by resignation"]

1. d4 Nf6 2. c4 e6 3. Nc3 Bb4 4. Nf3 d5 5. cxd5 exd5 6. Bg5 Qd6 7. Bxf6 Qxf6 8. Qb3 Qb6 9. e3 c6 10. Bd3 O-O 11. O-O Nd7 12. a3 Bd6 13.
Qc2 Nf6 14. b4 a6 15. Na4 Qc7 16. h3 Re8 17. Nc5 b6 18. Nb3 Ne4 19. Rfc1 Bd7 20.
Nbd2 f5 21. Rab1 Qd8 22. a4 Qe7 23. Qb3 Nxf2 24. Bxf5 Bxf5 25. Kxf2 Bxb1 26. Rxb1 a5 27. b5 c5 28. Qxd5+ Kh8 29. Qg5 Qf7 30. Kg1 h6 31. Qg4 Rxe3 32. Nc4 Qxc4 33. dxc5 Qxg4 34. hxg4 Bxc5 35. Kh2 Rae8 36. g5 hxg5 37. Nxg5 Kg8 38. Nf3 R8e4 0-1

[Event "*** Titled Tuesday Blitz"]
[Site "Chess.com"]
[Date "2018.11.06"]
[Round "7"]
[White "Caminator2000"]
[Black "twitchTriniCupid"]
[Result "0-1"]
[WhiteElo "2309"]
[BlackElo "2251"]
[TimeControl "180+2"]
[EndTime "14:36:11 PST"]
[Termination "twitchTriniCupid won by resignation"]

1. d4 Nf6 2. c4 e6 3. Nc3 Bb4 4. Nf3 b6 5. g3 Ba6 6. Qb3 Qe7 7. Bg2 O-O 8. O-O Bxc3 9. Qxc3 Ne4 10. Qc2 f5 11.
Ne5 Bb7 12. f3 Nf6 13. Bg5 d6 14. Nd3 h6 15. Bxf6 Qxf6 16. Qc3 Nd7 17. Rac1 c5 18. dxc5 Qxc3 19. Rxc3 dxc5 20. Nf4 Rfe8 21. Rd1 Ne5 22. b3 Kf7 23. Re3 Kf6 24. Nh5+ Kg6 25. Nf4+ Kf6 26. Nh5+ Kg6 27. Rxe5 Kxh5 28. Rd7 Rab8 29. Rxg7 Rg8 30. Re7 Bc8 31. g4+ Kg5 32. Rf7 Kg6 33. Rc7 Kf6 34. f4 Rxg4 35. e3 Bb7 0-1

[Event "*** Titled Tuesday Blitz"]
[Site "Chess.com"]
[Date "2018.11.06"]
[Round "7"]
[White "evgenysharapov"]
[Black "Zarikovs1999"]
[Result "1-0"]
[WhiteElo "2407"]
[BlackElo "2341"]
[TimeControl "180+2"]
[EndTime "14:36:11 PST"]
[Termination "evgenysharapov won by resignation"]

1. c4 Nf6 2. Nc3 e6 3. e4 d5 4. e5 d4 5. exf6 dxc3 6. bxc3 Qxf6 7. Nf3 b6 8. d4 Bb7 9. Be2 c5 10. O-O h6 11. Ne5 Bd6 12. Qa4+ Ke7 13. f4 Rc8 14. Bf3 Bxf3 15. Rxf3 Bxe5 16. fxe5 Qg6 17. Be3 Nd7 18.
Raf1 f5 19. exf6+ gxf6 20. Rg3 Qh7 21. d5 e5 22. Rh3 h5 23. Rhf3 Qe4 24. Bg5 Qg6 25.
Bxf6+ Nxf6 26. Rxf6 Qxf6 27. Rxf6 Kxf6 28. Qd7 Re8 29. Qd6+ Kf5 30. Qd7+ Kf6 31. Kf2 e4 32. Ke3 a6 33. Qd6+ Kg5 34. Qxb6 Rab8 35. Qxc5 Rb1 36. d6+ Kg6 37. d7 Rd8 38. Qe7 Re1+ 39. Kd2 Rxd7+ 40. Qxd7 Rd1+ 41. Kxd1 1-0

[Event "*** Titled Tuesday Blitz"]
[Site "Chess.com"]
[Date "2018.11.06"]
[Round "7"]
[White "Makalexa"]
[Black "savinspm"]
[Result "0-1"]
[WhiteElo "2106"]
[BlackElo "2082"]
[TimeControl "180+2"]
[EndTime "14:36:12 PST"]
[Termination "savinspm won by resignation"]

1. e4 e5 2. Nf3 Nc6 3. Bb5 a6 4. Ba4 Nf6 5. O-O Be7 6. Re1 b5 7. Bb3 d6 8. a4 Bd7 9. c3 Na5 10. Ba2 bxa4 11. d4 exd4 12. cxd4 O-O 13. e5 dxe5 14.
dxe5 Ne8 15. Nc3 Nb3 16. Bxb3 axb3 17. Qxb3 Be6 18. Qc2 c6 19. Bf4 Nc7 20. Bg3 Nd5 21.
Ne4 Qb6 22. Neg5 g6 23. Rac1 Bf5 24. Qxc6 Qxc6 25. Rxc6 Rfc8 26. Rec1 Rxc6 27. Rxc6 h6 28. Nh3 Bxh3 29. gxh3 Nb4 30. Rb6 Rc8 31. e6 Rc1+ 32. Kg2 Rc2 33. exf7+ Kxf7 34. Ne5+ Kg7 35. Rb7 Nd5 36.
Ng4 h5 37. Be5+ Kf8 38. Nh6 Bc5 39. Rf7+ Ke8 40. Rf3 Ne7 41. Nf7 Nf5 42. Ng5 Nh4+ 43. Kg3 Nxf3 44. Kxf3 Rxf2+ 45. Ke4 Be7 46. Ne6 Re2+ 47.
Kd5 Kd7 48. Nd4 Rxb2 49. Nc6 Rb5+ 0-1

[Event "*** Titled Tuesday Blitz"]
[Site "Chess.com"]
[Date "2018.11.06"]
[Round "7"]
[White "Blagorod"]
[Black "aRk_iN"]
[Result "1-0"]
[WhiteElo "2084"]
[BlackElo "2118"]
[TimeControl "180+2"]
[EndTime "14:36:13 PST"]
[Termination "Blagorod won by resignation"]

1. e4 c6 2. d4 d5 3. exd5 cxd5 4. Bd3 Nc6 5. c3 Nf6 6. Ne2 g6 7. Bf4 Bf5 8. Bxf5 gxf5 9. Qb3 Qd7 10. Nd2 Rg8 11.
Ng3 e6 12. Nf3 O-O-O 13. O-O Bd6 14. Ne5 Qc7 15. Rfe1 Ne4 16. Nxc6 Qxc6 17. Bxd6 Qxd6 18. Nxe4 fxe4 19. c4 f5 20. Rac1 Kb8 21. c5 Qc6 22.
Qe3 Rg4 23. h3 Rg7 24. b4 Rdg8 25. g3 h5 26. b5 Qc7 27. Kf1 h4 28. b6 Qc6 29.
Qf4+ Ka8 30. Qxh4 e3 31. Rxe3 Qb5+ 32. Kg2 Qb2 33. Rce1 Qxa2 34. R1e2 Qc4 35. Rxe6 axb6 36. cxb6 Qc8 37. Ra2+ Kb8 38. Qf4+ 1-0

[Event "*** Titled Tuesday Blitz"]
[Site "Chess.com"]
[Date "2018.11.06"]
[Round "7"]
[White "51616516516"]
[Black "gemarin"]
[Result "1-0"]
[WhiteElo "2263"]
[BlackElo "2075"]
[TimeControl "180+2"]
[EndTime "14:36:14 PST"]
[Termination "51616516516 won on time"]

1. d4 d5 2. c4 c6 3. Nc3 Nf6 4. Nf3 e6 5. Bg5 h6 6. Bxf6 Qxf6 7. e3 Nd7 8. Bd3 Qd8 9. O-O Be7 10. b3 O-O 11. Rc1 Nf6 12. Qe2 b6 13. Rfd1 Bb7 14.
e4 dxe4 15. Nxe4 Qb8 16. Ne5 Rd8 17. Nxf6+ Bxf6 18. Qe4 Kf8 19. Nxc6 Bxc6 20. Qxc6 Bxd4 21. g3 Qe5 22. Qf3 Rac8 23. Be4 Bb2 24. Rc2 Ba3 25. Rcd2 Rxd2 26. Rxd2 Rc7 27. Rd8+ Ke7 28. Ra8 Qf6 29. Qd3 Rd7 30. Qe2 1-0

[Event "*** Titled Tuesday Blitz"]
[Site "Chess.com"]
[Date "2018.11.06"]
[Round "7"]
[White "Fins0905"]
[Black "Alexander_Moskalenko"]
[Result "0-1"]
[WhiteElo "2609"]
[BlackElo "2876"]
[TimeControl "180+2"]
[EndTime "14:36:17 PST"]
[Termination "Alexander_Moskalenko won by checkmate"]

1. e4 c5 2. Nf3 d6 3. d4 cxd4 4. Nxd4 Nf6 5. Nc3 a6 6. Bg5 e6 7.
f4 Qb6 8. a3 h6 9. Bh4 Nc6 10. Bf2 Qc7 11. Qf3 b5 12. Nxc6 Qxc6 13. O-O-O Be7 14. Bd3 Bb7 15. Rhe1 O-O 16. g4 Nd7 17. h4 Nc5 18. g5 Nxd3+ 19. Rxd3 a5 20.
gxh6 g6 21. Qg4 Kh7 22. h5 Rg8 23. hxg6+ Rxg6 24. Qh5 Rag8 25. f5 Rxh6 26. Qf3 Bg5+ 27. Kb1 b4 28. axb4 axb4 29. Na2 e5 30. Nxb4 Qa4 31. Na2 Bf4 32. Ra3 Qc4 33. Nc3 Bc6 34. Ra7 Rb8 35. Rh1 Rxh1+ 36. Qxh1+ Kg8 37. Qf3 Qf1+ 38. Ka2 Qc1 39. Nd1 Qxc2 40. Qc3 Qxd1 41. Qxc6 Qb3+ 42. Ka1 Qxb2# 0-1

[Event "*** Titled Tuesday Blitz"]
[Site "Chess.com"]
[Date "2018.11.06"]
[Round "7"]
[White "SaraciNderim"]
[Black "Mikhail_Golubev"]
[Result "0-1"]
[WhiteElo "2644"]
[BlackElo "2451"]
[TimeControl "180+2"]
[EndTime "14:36:21 PST"]
[Termination "Mikhail_Golubev won on time"]

1. e4 c5 2. Nf3 d6 3. d4 cxd4 4. Nxd4 Nf6 5. Nc3 g6 6. Be3 Bg7 7. f3 a6 8. Qd2 h5 9. O-O-O Nbd7 10. Kb1 b5 11. a3 Bb7 12. Be2 Rc8 13. Nb3 Ne5 14.
Nd5 Nc4 15. Bxc4 bxc4 16. Bb6 Qd7 17. Na5 Bxd5 18. exd5 c3 19. Qe2 cxb2 20. Nc6 Nxd5 21. Rxd5 Qxc6 22. Bd4 Qxd5 23. Bxg7 Rg8 24. Re1 e5 25. Bf6 Kd7 26. Rd1 Qc4 27. Qd2 Qe6 28. Bg5 Rc6 29. Be3 Qc4 30. f4 e4 31. Bd4 Rgc8 32.
Be5 Ke6 33. Bxd6 Rd8 34. f5+ gxf5 35. Qh6+ f6 36. Qxh5 Qxc2+ 0-1

[Event "*** Titled Tuesday Blitz"]
[Site "Chess.com"]
[Date "2018.11.06"]
[Round "7"]
[White "TheBigBadChessDad"]
[Black "NateSolon"]
[Result "0-1"]
[WhiteElo "2292"]
[BlackElo "2519"]
[TimeControl "180+2"]
[EndTime "14:36:27 PST"]
[Termination "NateSolon won on time"]

1. d4 d5 2. Bf4 Nf6 3. e3 c5 4. c3 Nc6 5. Nd2 cxd4 6. cxd4 Bf5 7. Qb3 Qb6 8. Qxb6 axb6 9. Bb5 e6 10. a3 Nh5 11.
Bc7 Be7 12. Bxb6 O-O 13. Ngf3 Nb4 14. Ke2 Nc6 15. Rhc1 Rfc8 16. Rc3 Na7 17. Rxc8+ Nxc8 18. Bc5 Nf6 19. Rc1 Nd6 20. Bd3 Kf8 21. Bxd6 Bxd3+ 22. Kxd3 Bxd6 23. h3 Ke7 24. e4 dxe4+ 25. Nxe4 Nxe4 26. Kxe4 Ra5 27. Ne5 Rb5 28. b4 Rd5 29. Rc8 f5+ 30.
Ke3 Bxe5 31. dxe5 Rxe5+ 32. Kf3 Rd5 33. Rc7+ Kf6 34. Rc3 e5 35. g4 e4+ 36. Ke3 g6 37. gxf5 gxf5 38. f3 exf3 39. Kxf3 b5 40. Kf4 Rd4+ 41.
Ke3 Rh4 0-1

[Event "*** Titled Tuesday Blitz"]
[Site "Chess.com"]
[Date "2018.11.06"]
[Round "7"]
[White "Vuk2000"]
[Black "1random"]
[Result "0-1"]
[WhiteElo "2678"]
[BlackElo "2495"]
[TimeControl "180+2"]
[EndTime "14:36:28 PST"]
[Termination "1random won by resignation"]

1. d4 Nf6 2. Bg5 c5 3. Bxf6 gxf6 4. d5 Qb6 5. Qc1 f5 6. c4 Bg7 7. Nc3 d6 8. e3 Nd7 9. Be2 Qa5 10. Qc2 Nf6 11. Bd3 e6 12. Ne2 b5 13. O-O bxc4 14. Bxc4 Rb8 15. Rad1 exd5 16. Bxd5 O-O 17. Bc4 Ne4 18.
Rc1 Be6 19. Bxe6 fxe6 20. Nf4 Nxc3 21. bxc3 Rfe8 22. Rfd1 d5 23. Nd3 c4 24. Nf4 Qa3 25. Rd2 Rb6 26. Rdd1 Rb2 27. Ne2 Rxc2 28. Rxc2 Rb8 29.
Nf4 Kf7 30. g4 fxg4 31. e4 Be5 32. Ng2 Rb2 33. Rxb2 Qxb2 34. exd5 exd5 35. Ne3 Qxc3 36. Rxd5 Bd4 37. Nxg4 Qe1+ 38. Kg2 Qe4+ 0-1

[Event "*** Titled Tuesday Blitz"]
[Site "Chess.com"]
[Date "2018.11.06"]
[Round "7"]
[White "jcibarra"]
[Black "Bryakin_Mikhail"]
[Result "1-0"]
[WhiteElo "2656"]
[BlackElo "2690"]
[TimeControl "180+2"]
[EndTime "14:36:30 PST"]
[Termination "jcibarra won by resignation"]

1. e4 c6 2. d4 d5 3. e5 Bf5 4. h4 h5 5. Bd3 Bxd3 6. Qxd3 e6 7.
Bg5 Qb6 8. Nd2 Nd7 9. Ngf3 Nh6 10. O-O Nf5 11. c4 Be7 12. Bxe7 Nxe7 13. Rfc1 Nf5 14.
Nf1 dxc4 15. Rxc4 O-O-O 16. Qc2 Qa6 17. Ne3 Nb6 18. Rb4 Nd5 19. Rb3 Ndxe3 20. fxe3 Rd7 21. Ng5 Rhd8 22. Ne4 Rc7 23. Nc5 Qa5 24. Ra3 Qb6 25. Qc3 a6 26. Rb3 Qa7 27. Rc1 Nxh4 28. Qa5 Nf5 29.
Nxb7 Rxb7 30. Rxc6+ Kd7 31. Rxa6 Qxa6 32. Qxa6 Rxb3 33. Qa4+ Kc7 34. Qxb3 Rb8 35. Qc3+ Kd8 36. e4 Ne7 37. Qa5+ Kc8 38. Qc5+ Kd7 39. Qd6+ 1-0

[Event "*** Titled Tuesday Blitz"]
[Site "Chess.com"]
[Date "2018.11.06"]
[Round "7"]
[White "EphiphanyLord"]
[Black "TastyFrenchFries"]
[Result "1-0"]
[WhiteElo "2578"]
[BlackElo "2372"]
[TimeControl "180+2"]
[EndTime "14:36:35 PST"]
[Termination "EphiphanyLord won by checkmate"]

1. e4 e6 2. d4 d5 3. Nd2 Nf6 4. e5 Nfd7 5. c3 c5 6. Bd3 Nc6 7. Ndf3 Be7 8. Nh3 Qb6 9. Bb1 h6 10. Nf4 Nf8 11. Nh5 Rg8 12. O-O Bd7 13. dxc5 Bxc5 14.
b4 Be7 15. a4 a5 16. b5 Nd8 17.
Be3 Qc7 18. Bd4 g6 19. Nf6+ Bxf6 20. exf6 Bc8 21. Qd2 g5 22. Ne5 Nd7 23. f4 Nxe5 24.
Bxe5 Qd7 25. fxg5 hxg5 26. Bh7 Rf8 27. Qxg5 b6 28. Rf3 Nb7 29. Rg3 Kd8 30. Qh6 Qe8 31. c4 Bd7 32. Rd1 Nc5 33. cxd5 exd5 34. Rxd5 Kc8 35.
Re3 Be6 36. Bd6 Rh8 37. Bxc5 bxc5 38. Rxc5+ Kb7 39. Be4+ Kb6 40. Qg5 Rc8 41. Rec3 Qd7 42. Rc6+ Rxc6 43. Rxc6+ Ka7 44. Qc5+ Kb8 45. Rb6+ Ka7 46.
Ra6+ Kb8 47. Ra8# 1-0

[Event "*** Titled Tuesday Blitz"]
[Site "Chess.com"]
[Date "2018.11.06"]
[Round "7"]
[White "Firouzja2003"]
[Black "Gareth-Bale11"]
[Result "1-0"]
[WhiteElo "2928"]
[BlackElo "2599"]
[TimeControl "180+2"]
[EndTime "14:36:39 PST"]
[Termination "Firouzja2003 won by checkmate"]

1. e4 e5 2. Nf3 Nc6 3. Bc4 Bc5 4.
c3 Nf6 5. d3 d6 6. a4 a5 7. Bg5 h6 8. Bh4 g5 9. Bg3 Be6 10.
Nbd2 Qe7 11. O-O h5 12. h4 Nh7 13. Qb3 O-O-O 14. Bd5 Rhg8 15. hxg5 Nxg5 16. Bh4 Nxf3+ 17.
Nxf3 Qd7 18. Bxe6 fxe6 19. Bxd8 Kxd8 20. d4 exd4 21. cxd4 Qg7 22. g3 Bxd4 23. Kg2 Qf6 24.
Rh1 Rf8 25. Rad1 Bb6 26. Rxh5 Kc8 27. Rd3 Kb8 28. Qd1 e5 29. Rf5 Qg7 30. Nh4 Rg8 31.
Rdf3 Qe7 32. Rf7 Qe6 33. Qd5 Qg4 34. Rf8+ Rxf8 35. Rxf8+ Ka7 36. Nf3 Ne7 37. Qf7 Ng6 38.
Qg8 Nf4+ 39. Kf1 Qxf3 40. Ra8# 1-0